 Dungeon Crawl Stone Soup version 0.19.5 (webtiles) character file.

58 equalderp2856 the Scratcher (level 3, -9/17 HPs)
             Began as a Felid Fighter on Mar 10, 2017.
             Killed from afar by Natasha (12 damage)
             ... with a magic dart
             ... on level 1 of the Dungeon.
             The game lasted 00:03:12 (1383 turns).

equalderp2856 the Scratcher (Felid Fighter)         Turns: 1383, Time: 00:03:13

Health: -9/17      AC:  1    Str: 13    XL:     3   Next: 76%
Magic:  4/4        EV: 19    Int:  9    God:
Gold:   65         SH:  0    Dex: 15    Spells: 0 memorised, 2 levels left
                                        Lives:  0   Deaths: 0

rFire  . . .     SeeInvis +       - Unarmed
rCold  . . .     Gourm    .     (armour unavailable)
rNeg   . . .     Faith    .     (shield unavailable)
rPois  .         Spirit   .     (helmet unavailable)
rElec  .         Reflect  .     (cloak unavailable)
rCorr  .         Harm     .     (gloves unavailable)
MR     .....                    (boots unavailable)
Stlth  ++........               (no amulet)
                                (no ring)
                                (no ring)

@: quick
A: no armour, no weapons or thrown items, stealth, claws 1, fangs 3, see
invisible, carnivore 3, speed 1, shaggy fur 1, slow metabolism 1, sharp paws
a: no special abilities


You were on level 1 of the Dungeon.
You were very full.

You visited 1 branch of the dungeon, and saw 2 of its levels.

You collected 65 gold pieces.

Inventory:

Missiles
 k - 17 arrows
Jewellery
 d - an uncursed ring of see invisible {unknown}
Scrolls
 c - a scroll of enchant weapon
 e - a scroll of identify
 g - a scroll of immolation
Potions
 a - a potion of might
 j - a potion of lignification
Comestibles
 b - a meat ration
 h - 2 beef jerkies


   Skills:
 + Level 3.3 Fighting
 + Level 4.4 Dodging
 + Level 0.4 Stealth
 + Level 5.0 Unarmed Combat


You had 2 spell levels left.
You didn't know any spells.

Dungeon Overview and Level Annotations

Branches:
Dungeon (2/15)

Altars:

Annotations:
D:1 Natasha


Innate Abilities, Weirdness & Mutations

You cannot wear armour.
You are incapable of wielding weapons or throwing items.
Your paws allow you to move quietly. (Stealth)
You have sharp claws.
You have razor-sharp teeth.
You have supernaturally acute eyesight. (SInv)
You are carnivorous and can eat meat at any time.
You cover ground quickly.
You are covered in fur. (AC +1)
You have a slow metabolism.
Your sharp claws are effective at attacking unaware monsters.


Message History

Level annotation: Natasha Natasha misses you.
There is a stone staircase leading up here.
You closely miss Natasha. Natasha completely misses you.
You barely miss Natasha. Your claw misses Natasha. Natasha claws you!
Natasha mumbles some strange words.
Natasha glows brightly for a moment.
Natasha misses you.
You climb upwards.
There is a stone staircase leading down here.
You barely miss Natasha. Natasha casts a spell at you. The magic dart hits you!
* * * LOW HITPOINT WARNING * * *
You scratch Natasha.
Natasha is lightly wounded.
Natasha stares at you and mumbles some strange words.
The magic dart hits you!
Ouch! That really hurt!
You die...

###..##......###...##.##......
#..##......# #)).##.##......
#..###....####...##.##......
######..###......................
#........................###.....
######.##.............##.........
#.###..#.....#...[...##..... #.#
#..#.....#÷....#.#......
#.###..#..h@.#..÷....#..####
#.##...#.....#.......#..#
#.##...#.....#..#.......#
#......#.....#.[#.......#
##...........#..#.......#
#.##..#.#...#..#.......#
#......................#
########..#.##..#..##....#.#
#....†..................##.####


You could see Natasha.

Vanquished Creatures
  Natasha (D:2)
  A leopard gecko (D:1)
  A ball python (D:1)
  2 giant cockroaches (D:1)
  7 goblins
  3 hobgoblins
  2 jackals (D:1)
  3 bats (D:1)
  2 frilled lizards (D:1)
  6 kobolds
  A rat (D:2)
29 creatures vanquished.

Notes
Turn   | Place    | Note
-------+----------+-------------------------------------------
     0 | D:1      | equalderp2856 the Felid Fighter began the quest for the Orb.
     0 | D:1      | Reached XP level 1. HP: 10/10 MP: 2/2
   188 | D:1      | Reached XP level 2. HP: 9/14 MP: 3/3
   782 | D:1      | You fall through a shaft!
   842 | D:2      | Found a faded altar of an unknown god.
   907 | D:2      | Noticed Natasha
   920 | D:2      | Killed Natasha
   920 | D:2      | Reached XP level 3. HP: 17/17 MP: 4/4
   925 | D:2      | Noticed Natasha
   948 | D:1      | Reached skill level 5 in Unarmed Combat
  1383 | D:1      | Killed from afar by Natasha

Skill      XL: |  1  2  3 |
---------------+----------+-----
Unarmed Combat | 5 |  5.0
Fighting       | |  3.3
Dodging        | |  4.4
Stealth        | |  0.4

Action                   || total
-------------------------++-------
Melee: Unarmed           ||    74
       Punch             ||     2
       Bite              ||     4
  Use: Scroll            ||     5
 Stab: Sleeping          ||     2
  Eat: Chunk             ||     7
Armor: Skin              ||     7
Dodge: Dodged            ||    70
